 Dungeon Crawl Stone Soup version 0.26.1-11-gd32895ea62 (webtiles) character file.

Game seed: 6113561330125248368

116 hawla the Conjurer (level 4, -1/35 HPs)
             Began as a Draconian Conjurer on July 4, 2021.
             Killed from afar by Sigmund (5 damage)
             ... with a magic dart
             ... on level 2 of the Dungeon.
             The game lasted 00:05:17 (2005 turns).

hawla the Conjurer (Draconian Conjurer)             Turns: 2005, Time: 00:05:18

Health: -1/35      AC:  5    Str:  9    XL:     4   Next: 69%
Magic:  1/7        EV: 12    Int: 20    God:
Gold:   96         SH:  0    Dex:  9    Spells: 0/7 levels left

rFire    . . .     SeeInvis .   (no weapon)
rCold    . . .     Faith    .   (no shield)
rNeg     . . .     Spirit   .   (armour unavailable)
rPois    .         Reflect  .   (helmet restricted)
rElec    .         Harm     .   (no cloak)
rCorr    .         Rampage  .   (no gloves)
Will     .....                  (no boots)
Stlth    ++........             (no amulet)
HPRegen  0.11/turn              (no ring)
MPRegen  0.10/turn              (no ring)

@: brilliant
A: unfitting armour, cold-blooded, AC +5
a: no special abilities


You were on level 2 of the Dungeon.
You visited 1 branch of the dungeon, and saw 2 of its levels.

You collected 96 gold pieces.

Inventory:

Jewellery
 d - an uncursed ring of see invisible {unknown}
Scrolls
 a - a scroll of enchant armour
 e - a scroll of identify {unknown}
 f - a scroll of remove curse


   Skills:
 - Level 1.0 Fighting
 - Level 1.7 Dodging
 - Level 1.7 Stealth
 - Level 2.0 Spellcasting
 + Level 5.1 Conjurations
 + Level 2.8 Translocations


You couldn't memorise any spells.
You knew the following spells:

 Your Spells              Type           Power        Failure   Level
a - Magic Dart            Conj           100%         1%          1
b - Searing Ray           Conj           66%          3%          2
c - Iskenderun's Mystic   Conj/Tloc      27%          30%         4

Your spell library contained the following spells:

 Spells                   Type           Power        Failure   Level
 Dazzling Flash           Conj/Hex       36%          17%         3
 Fulminant Prism          Conj/Hex       9%           50%         4


Dungeon Overview and Level Annotations

Branches:
Dungeon (2/15)

Altars:
Ashenzari

Annotations:
D:2 Sigmund


Innate Abilities, Weirdness & Mutations

Your plain brown scales are hard. (AC +5)
You cannot fit into any form of body armour.
You are cold-blooded and may be slowed by cold attacks.


Message History

The bat barely misses you. The bat closely misses you.
The bat hits you but does no damage. The bat barely misses you.
There is an open door here.
The bat hits you but does no damage. The bat hits you.
* * * LOW HITPOINT WARNING * * *
Sigmund no longer looks unusually strong.
Sigmund points at himself and mumbles some strange words.
Sigmund flickers and vanishes!
Deactivating autopickup; reactivate with Ctrl-A.
Casting: Magic Dart (safe; 1% risk of failure)
Confirm with . or Enter, or press ? or * to list all spells.
Aiming: Magic Dart (safe; 1% risk of failure)
Press: ? - help, Shift-Dir - straight line, f - bat
Aim: a bat (0% to evade)
You feel a surge of power!
The magic dart hits the bat.
You kill the bat!
A magic dart appears from out of thin air!
The magic dart hits you.
You die...

#....# #....# ######....# ###
#....# ..........# #.. +....#
..........# #.# #....#
..........# #.# #....#####
........### #.# #....#....
#######.## #.####....#....
########...########.#.....###....
...........'{...@................
########...##.......#.#####......
#######...##.#######...........#
#.........##.#.....#..####.....#
#....##...##.#.###.#..#..#<รท...#
##....##...##.#..<#.(.....#)....#
.........................)..#.###
#####.##...##..........#....#.# #
#.##...............####)#.# #


There were no monsters in sight!

Vanquished Creatures
  Natasha (D:2)
  4 gnolls
  3 adders
  An ooze (D:1)
  A dart slug (D:1)
  5 bats
  A giant cockroach (D:2)
  2 goblins
  3 hobgoblins
  2 frilled lizards (D:2)
  2 kobolds
  3 rats
28 creatures vanquished.

Notes
Turn   | Place    | Note
-------+----------+-------------------------------------------
     0 | D:1      | hawla the Draconian Conjurer began the quest for the Orb.
     0 | D:1      | Reached XP level 1. HP: 14/14 MP: 3/3
    64 | D:1      | Reached skill level 1 in Fighting
    64 | D:1      | Reached XP level 2. HP: 9/23 MP: 0/5
    89 | D:1      | Learned a level 2 spell: Searing Ray
   277 | D:1      | Reached skill level 1 in Translocations
   980 | D:2      | Noticed Sigmund
   990 | D:1      | Reached XP level 3. HP: 15/28 MP: 0/6
  1209 | D:2      | Noticed Natasha
  1244 | D:2      | Killed Natasha
  1318 | D:2      | Reached XP level 4. HP: 30/35 MP: 2/7
  1323 | D:2      | Learned a level 4 spell: Iskenderun's Mystic Blast
  1421 | D:2      | Reached skill level 5 in Conjurations
  1792 | D:2      | Found a broken altar of Ashenzari.
  1796 | D:2      | Saw a vision of the Shoals and the Snake Pit.
  1796 | D:2      | Noticed a merfolk
  1796 | D:2      | Noticed a merfolk
  1796 | D:2      | Noticed a naga mage
  1796 | D:2      | Noticed a centaur
  1796 | D:2      | Noticed a black mamba
  1796 | D:2      | Noticed a sea snake
  1796 | D:2      | Noticed a black mamba
  1796 | D:2      | Noticed a merfolk
  1796 | D:2      | Noticed a merfolk siren
  2005 | D:2      | Killed from afar by Sigmund

Illustrated notes

Levels and vault maps discovered:
D:1:      grunt_arrival_crossed_arrows, layout_loops_ring
D:2:      layout_basic, grunt_ashenzari_visionary
          [grunt_ashenzari_visionary_shoals, grunt_ashenzari_visionary_snake],
          uniq_jessica, uniq_sigmund, uniq_natasha

Skill      XL: |  1  2  3  4 |
---------------+-------------+-----
Fighting       | 1 |  1.0
Translocations | 1 2 |  2.8
Conjurations   | 5 |  5.1
Dodging        | |  1.7
Stealth        | |  1.7
Spellcasting   | |  2.0

Action                   |  1- 3 |  4- 6 || total
-------------------------+-------+-------++-------
Melee: Unarmed           |     2 |     8 ||    10
       Tailslap          |       |     1 ||     1
 Cast: Magic Dart        |     8 |    12 ||    20
       Searing Ray       |    14 |     8 ||    22
       Iskenderun's Myst |       |     1 ||     1
  Use: Scroll            |     3 |       ||     3
       Potion            |       |     2 ||     2
Armor: Skin              |     6 |     4 ||    10
Dodge: Dodged            |    16 |    17 ||    33
